Map: Persephone LE

Players

HenriqueSon - Winner!

  • Race: Protoss Protoss
  • League: Diamond
  • Spawn Location: 7:00

KimChiLoVer

  • Race: Terran Terran
  • League: Diamond
  • Spawn Location: 11:00

VOD

Have the link to the VOD?

Description

Time

  • Played on: Aug. 26, 2025, 10:37 p.m.
  • Length: 18:36
Show
View Real Time Build Order
Export as new Build Order

HenriqueSon Protoss - Winner!

Build Orders:  

Get SALT Encoding   

  12  0:00  Probe  
  13  0:12  Probe  
  14  0:17  Pylon  
  14  0:25  Probe  
  15  0:34  Probe  
  15  0:36  Gateway  
  15  0:42  Probe  
  17  0:52  Probe  
  17  0:53  Assimilator  
  18  1:04  Probe  
  18  1:05  Pylon  
  19  1:16  Probe  
  20  1:28  Probe  
  21  1:33  Cybernetics Core  
  21  1:40  Probe  
  21  1:41  Gateway  
  21  1:43  Warp Gate  
  22  1:50  Gateway  
  22  1:52  Probe  
  23  1:58  Gateway  
  23  2:05  Probe  
  24  2:13  Stalker  
  26  2:24  Probe  
  26  2:25  Pylon  
  26  2:26  Stalker  
  29  2:36  Pylon  
  30  2:44  Probe  
  30  2:45  Stalker  
  32  2:53  Stalker  
  32  2:56  Probe  
  35  3:08  Pylon  
  35  3:13  Probe  
  36  3:33  Sentry  
  38  3:35  Zealot x3  
  38  3:39  Assimilator  
  38  3:41  Pylon  
  44  3:42  Pylon  
  44  3:45  Probe  
  45  3:56  Stalker  
  45  3:57  Probe  
  36  4:39  Zealot x2  
  36  4:40  Zealot x2  
  43  4:52  Probe  
  43  5:00  Zealot  
  43  5:01  Zealot, Sentry  
  43  5:02  Sentry  
  43  5:05  Probe  
  38  5:22  Zealot x2  
  30  5:31  Stalker x2  
  20  5:40  Probe  
  10  6:00  Zealot x2  
  13  6:20  Probe  
  12  6:43  Zealot  
  14  6:54  Probe  
  14  7:02  Probe  
  15  7:10  Probe  
  16  7:18  Probe  
  17  7:27  Probe  
  18  7:39  Probe  
  18  7:40  Sentry  
  21  7:47  Probe  
  22  7:55  Probe  
  22  8:05  Probe  
  23  8:06  Stalker  
  23  8:10  Zealot  
  28  8:17  Probe  
  29  8:25  Twilight Council  
  29  8:30  Probe  
  30  8:42  Probe  
  31  8:54  Probe  
  31  8:55  Stalker  
  34  9:06  Probe  
  34  9:07  Dark Shrine  
  34  9:08  Charge  
  35  9:19  Probe  
  36  9:47  Nexus  
  36  9:53  Probe  
  37  10:05  Probe  
  38  10:18  Probe  
  38  10:19  Dark Templar  
  38  10:20  Dark Templar  
  43  10:24  Dark Templar  
  45  10:30  Probe  
  46  10:42  Probe  
  47  10:59  Zealot x2  
  47  11:00  Zealot x2  
  55  11:13  Forge  
  55  11:22  Pylon  
  55  11:27  Pylon  
  55  11:35  Probe x2  
  55  11:38  Protoss Ground Weapons Level 1  
  57  11:44  Dark Templar  
  57  11:45  Dark Templar  
  57  11:46  Dark Templar  
  63  11:48  Probe  
  63  11:50  Probe  
  39  12:36  Dark Templar  
  41  12:44  Assimilator  
  41  12:46  Assimilator  
  41  12:55  Nexus  
  41  13:03  Zealot x2, Sentry  
  47  13:09  Probe x2  
  49  13:13  Forge  
  49  13:18  Pylon  
  49  13:21  Probe x2  
  51  13:29  Zealot x2, Templar Archives  
  55  13:39  Probe x2, Protoss Ground Weapons Level 2  
  57  13:42  Protoss Shields Level 1  
  57  13:51  Probe x2  
  59  14:02  Psionic Storm  
  59  14:06  Probe  
  60  14:12  Probe x2  
  62  14:18  Probe  
  61  14:42  Stalker x2  
  61  14:43  Stalker  
  67  14:46  Archon  
  67  14:53  Sentry  
  69  15:03  Gateway  
  69  15:04  Gateway  
  69  15:11  Gateway  
  69  15:12  Gateway  
  69  15:14  Probe  
  69  15:15  Probe  
  69  15:18  Probe  
  72  15:22  High Templar x2  
  76  15:47  Protoss Ground Armor Level 1  
  76  15:49  Archon  
  76  15:50  Pylon, Archon  
  76  16:03  Pylon  
  76  16:05  Probe x3  
  79  16:11  Zealot x4  
  79  16:12  Zealot x2  
  79  16:15  Pylon  
  65  16:38  Pylon  
  65  16:41  Zealot x4  
  65  16:42  Zealot  
  65  16:46  Probe x2  
  77  16:50  Pylon  
  73  17:22  Pylon  
  71  17:33  Probe x2  
  73  17:40  Stalker x5  
  73  17:41  Stalker x3  
  89  17:48  Pylon  
  89  18:01  Probe x3  
  92  18:05  Pylon  
  92  18:08  Assimilator  
  92  18:12  Assimilator  
  92  18:13  Probe, Pylon  
  91  18:23  Pylon, Archon  
Show
View Real Time Build Order
Export as new Build Order

KimChiLoVer Terran 

Build Orders:  

Get SALT Encoding   

  12  0:00  SCV  
  13  0:16  Supply Depot  
  13  0:20  SCV  
  14  0:32  SCV  
  15  0:38  Barracks  
  15  0:42  Refinery  
  15  0:44  SCV  
  16  0:53  Supply Depot  
  16  0:58  SCV  
  17  1:10  SCV  
  18  1:26  Orbital Command  
  18  1:27  Marine  
  19  1:35  Barracks  
  19  1:55  Barracks, Barracks Reactor  
  19  2:02  SCV  
  20  2:14  SCV  
  21  2:24  Barracks Tech Lab  
  21  2:27  SCV  
  22  2:30  Refinery, Supply Depot  
  22  2:32  Marine x2  
  24  2:38  Engineering Bay  
  24  2:39  SCV  
  24  2:43  Supply Depot  
  25  2:45  Concussive Shells  
  25  2:46  Barracks Tech Lab  
  25  2:49  Marauder  
  27  2:53  Marine  
  28  3:04  Marine  
  29  3:06  Marauder  
  29  3:07  Stimpack  
  31  3:13  Marauder  
  33  3:23  Marine  
  33  3:24  Marine  
  33  3:26  Terran Infantry Armor Level 1  
  35  3:32  SCV  
  35  3:34  Marine x2  
  37  3:41  Marine  
  39  3:42  Marine  
  39  3:44  SCV, Combat Shield  
  41  3:51  Marine  
  41  3:53  Marauder  
  32  4:41  Marauder x2  
    7:02  Marine  
    7:04  Marine  
  2  7:13  Marauder  
  4  7:40  SCV  
  5  7:52  SCV  
  5  7:57  Marine x2  
  8  8:04  SCV  
  9  8:16  SCV  
  9  8:17  Marine  
  9  8:18  Marine  
  12  8:28  Marine x2  
  12  8:29  SCV  
  15  8:41  SCV  
  16  8:53  SCV  
  17  8:57  Factory  
  17  9:05  SCV  
  18  9:12  Marine  
  18  9:15  Marine  
  20  9:17  SCV  
  21  9:29  SCV  
  22  9:44  Starport  
  22  9:51  Widow Mine  
  24  9:56  SCV  
  25  10:08  SCV  
  26  10:17  Widow Mine  
  28  10:31  Medivac  
  30  10:44  Missile Turret  
  30  10:46  Missile Turret  
  30  10:54  Medivac  
  32  11:13  Marine x2  
  32  11:14  Marine  
  35  11:34  Marine  
  35  11:38  Marine  
  35  11:39  Bunker  
  20  12:26  Bunker  
  20  12:29  SCV  
  21  12:31  Marine x3  
  24  12:41  SCV  
  24  12:43  Liberator  
  28  12:48  Marine  
  29  12:53  SCV  
  30  13:05  SCV  
  30  13:07  Missile Turret  
  30  13:10  Marauder  
  33  13:18  Terran Infantry Weapons Level 1  
  33  13:21  SCV  
  34  13:39  Liberator  
  37  13:44  Supply Depot  
  37  13:47  Marine x3  
  40  14:03  SCV  
  40  14:05  Marine x2  
  43  14:14  Medivac  
  45  14:17  Marine  
  45  14:23  Marine x2  
  48  14:35  Marine  
  49  14:41  Marine x2  
  48  14:57  Command Center  
  48  14:58  Marine  
  48  14:59  Marine x2  
  51  15:07  Medivac  
  53  15:16  Marine  
  54  15:27  Supply Depot  
  54  15:59  Marine x3  
  57  16:17  Marine x3  
  27  16:34  Marine  
  27  16:35  Marine  
  27  16:39  Engineering Bay  
  29  16:42  Armory  
  29  16:44  Barracks  
  29  16:45  Barracks  
  29  16:58  Missile Turret  
  29  17:09  Bunker  
  17  17:37  Marine x2  
  19  17:56  Marine x2  
  21  18:08  Command Center  
Tags
 
Add a new tag
Caveats
  • Supply blocks, unpowered buildings, or Contaminate may cause inaccurate times.
  • Supply counts are checked every 10 seconds.